 Dungeon Crawl Stone Soup version 0.27.1 (webtiles) character file.

Game seed: 13680295357171695457

71 Gwenloh the Insei (level 4, -1/28 HPs)
             Began as an Octopode Transmuter on Aug 23, 2021.
             Killed by divine providence
             ... invoked by an orc priest
              (13 damage)
             ... on level 3 of the Dungeon.
             The game lasted 00:08:47 (2476 turns).

Gwenloh the Insei (Octopode Transmuter)             Turns: 2476, Time: 00:08:47

Health: -1/28      AC:  2    Str:  9    XL:     4   Next: 24%
Magic:  5/7        EV: 20    Int: 15    God:
Gold:   107        SH:  0    Dex: 18    Spells: 3/7 levels left

rFire    . . .     SeeInvis .     - Unarmed
rCold    . . .     Faith    .   (shield currently unavailable)
rNeg     . . .     Spirit   .   (helmet currently unavailable)
rPois    x         Reflect  .   (no amulet)
rElec    .         Harm     .   (no ring)
rCorr    .         Rampage  .   (no ring)
Will     .....                  (no ring)
Stlth    ++........             (no ring)
HPRegen  0.09/turn              (no ring)
MPRegen  0.10/turn              (no ring)
                                (no ring)
                                (no ring)

@: spider-form (expiring)
A: venomous fangs, almost no armour, (amphibious), 8 rings, tiny, (camouflage
1), (gelatinous body 1), (nimble swimmer 1), (tentacles)
a: End Transformation


You were on level 3 of the Dungeon.
You were a venomous arachnid creature.
You visited 1 branch of the dungeon, and saw 3 of its levels.

You collected 107 gold pieces.

Inventory:

Missiles
 b - 51 stones (quivered)
 f - 6 curare-tipped darts
Armour
 j - a +0 buckler
Jewellery
 h - a +6 ring of dexterity
Scrolls
 d - a scroll of blinking {unknown}
 e - a scroll of amnesia {unknown}
 i - a scroll of teleportation {unknown}
Potions
 a - a potion of mutation {unknown}
 c - a potion of degeneration {unknown}
 g - a potion of curing {unknown}
 k - a potion of flight {unknown}


   Skills:
 - Level 1.3 Fighting
 * Level 2.7 Dodging
 + Level 1.5 Stealth
 * Level 3.4 Unarmed Combat
 - Level 2.1 Spellcasting
 * Level 2.8 Transmutations


You had 3 spell levels left.
You knew the following spells:

 Your Spells              Type           Power      Damage    Failure   Level
a - Beastly Appendage     Tmut           20%        N/A       19%         1
b - Spider Form           Tmut/Pois      2%         N/A       58%         3

Your spell library contained the following spells:

 Spells                   Type           Power      Damage    Failure   Level
 Wereblood                Tmut           10%        N/A       24%         2
 Sublimation of Blood     Necr           0%         N/A       54%         2
 Ice Form                 Ice/Tmut       5%         N/A       90%         4
 Petrify                  Tmut/Erth      5%         N/A       90%         4
 Irradiate                Conj/Tmut      2%         3d14      99%         5


Dungeon Overview and Level Annotations

Branches:
Dungeon (3/15)

Altars:
Ashenzari


Innate Abilities, Weirdness & Mutations

You are a venomous arachnid creature.
You have poisonous fangs.
You are tiny and dextrous.
Your spellcasting is less reliable in this form.
Your armour is entirely melded.
You are incapable of wielding weapons or throwing items.
You cannot wear most types of armour.
((You are amphibious.))
You can wear up to eight rings at the same time.
((Your skin changes colour to match your surroundings (Stealth+).))
((Your rubbery body absorbs attacks. (AC +1, EV +1)))
((You are camouflaged near water. (Stealth+)))
((You have tentacles for arms and can constrict up to eight enemies at once.))


Message History

HP restored.
You climb downwards.
The orc priest invokes the aid of Beogh against you.
Beogh smites you!
There is a stone staircase leading up, spattered with blood here.
You climb upwards.
There is a stone staircase leading down here.
You start resting.
HP restored.
Casting: Beastly Appendage (safe; 7% risk of failure)
Confirm with . or Enter, or press ? or * to list all spells.
The spell is extremely dangerous to cast (36% risk of failure)!
Continue anyway?
You turn into a venomous arachnid creature.
You climb downwards.
There is a stone staircase leading up, spattered with blood here.
The orc priest hits you with a +0 whip.
Items here: )) [ รท.
The orc shouts!
You hit the orc priest.
The orc priest is lightly wounded.
The orc priest completely misses you.
You hit the orc priest but do no damage.
Your transformation is almost over.
The orc priest misses you. The orc misses you.
You hit the orc priest but do no damage.
The orc priest is poisoned.
The orc priest invokes the aid of Beogh against you.
Beogh smites you!
Ouch! That really hurt!
You hit the orc priest but do no damage.
The orc closely misses you. The orc priest misses you.
You hit the orc.
The orc is poisoned.
The orc is heavily wounded.
The orc barely misses you. The orc priest barely misses you.
You barely miss the orc.
The orc is almost dead.
The orc misses you.
The orc priest mumbles some strange prayers to Beogh against you.
Beogh smites you!
You die...

#........#
####.####.########## #....#
#)#........# #....#
#.#.###.#### #....# #.#.# #.#
#######....#
#.#>###.##########
.....##..).#
#....(..#......ooo
###...'....#
#.oo(#..#.######## #
#..##...######s###...........
# #..#####.....<.#
#.##.########
###..#####.#######
#............ .........#.#
####.######.# ########.#.#
#.######.# #.#.#
########........# #.#.#
#.......######### #.#.#
#.......'.....# #.#.#
#.......#####.#


You could see an orc priest (very poisoned) and an orc (very poisoned).

Vanquished Creatures
  2 adders
  2 dart slugs (D:3)
  3 orcs (D:3)
  4 bats
  3 endoplasms (D:1)
  4 giant cockroaches
  6 goblins
  4 hobgoblins
  5 kobolds
  5 ball pythons
  2 frilled lizards (D:2)
  3 rats
43 creatures vanquished.

Notes
Turn   | Place    | Note
-------+----------+-------------------------------------------
     0 | D:1      | Gwenloh the Octopode Transmuter began the quest for the
                  | Orb.
     0 | D:1      | Reached XP level 1. HP: 13/13 MP: 3/3
   272 | D:1      | Reached XP level 2. HP: 18/18 MP: 3/5
   935 | D:1      | Found a faded altar of an unknown god.
  1054 | D:2      | Reached XP level 3. HP: 23/23 MP: 4/6
  1110 | D:2      | Reached skill level 1 in Stealth
  1636 | D:2      | Found a broken altar of Ashenzari.
  1686 | D:2      | Learned a level 3 spell: Spider Form
  1816 | D:3      | Reached XP level 4. HP: 22/28 MP: 4/7
  2476 | D:3      | Killed from afar by an orc priest

Illustrated notes

Levels and vault maps discovered:
D:1:      dpeg_arrival_stone_temple_mockup, layout_rooms,
          shapermc_ecumenical_altar_hornbeckon, palyth_stone_intersect,
          dk_noncrumbling_3, minmay_domino_2
D:2:      layout_basic, basic_altar
D:3:      layout_basic, kennysheep_donut

Skill      XL: |  1  2  3 |
---------------+----------+-----
Stealth        | 1 |  1.5
Fighting       | |  1.3
Dodging        | |  2.7
Unarmed Combat | |  3.4
Spellcasting   | |  2.1
Transmutations | |  2.8

Action                   |  1- 3 |  4- 6 || total
-------------------------+-------+-------++-------
Melee: Unarmed           |    66 |    20 ||    86
       Constrict         |    22 |     4 ||    26
       Kick              |    17 |     3 ||    20
       Tentacles         |    14 |     2 ||    16
Throw: Stone             |    40 |     2 ||    42
       Dart              |     2 |       ||     2
 Cast: Beastly Appendage |    29 |     4 ||    33
       Spider Form       |       |     1 ||     1
 Stab: Sleeping          |     3 |       ||     3
Armor: Skin              |     7 |       ||     7
Dodge: Dodged            |    37 |    15 ||    52
